 Dungeon Crawl Stone Soup version 0.29.1-12-g30fa7ad0bf (webtiles) character file.

Game seed: 5631877965037388173

106 hawla the Chiller (level 5, -6/57 HPs)
             Began as a Meteoran Ice Elementalist on Jan 5, 2023.
             Mangled by Robin
             ... wielding a +3 trident of distortion
              (19 damage)
             ... on level 3 of the Dungeon.
             The game lasted 00:03:16 (351 turns).

hawla the Chiller (Meteoran Ice Elementalist)        Turns: 351, Time: 00:03:17

Health: -6/57      AC: 22    Str:  9    XL:     5   Next: 32%
Magic:  1/11       EV:  2    Int: 19    God:
Gold:   26         SH:  0    Dex: 14    Spells: 3/11 levels left

rFire   . . .      SeeInvis .   (no weapon)
rCold   . . .      Faith    .   (no shield)
rNeg    . . .      Spirit   .   (body armour currently unavailable)
rPois   +          Reflect  .   (helmet currently unavailable)
rElec   .          Harm     .   (cloak currently unavailable)
rCorr   .          Rampage  .   (gloves currently unavailable)
Will    .....      NoTele   +   (boots currently unavailable)
Stlth   +.........              (no amulet)
HPRegen 0.19/turn               (no ring)
MPRegen 0.12/turn               (no ring)

@: lethally poisoned (-6 -> -17), tree-form, freezing walls, glowing
A: stationary, stasis, torment immunity, boosted hp, sense surroundings 1,
otherworldly, glowing, explore regen
a: no special abilities


You were on level 3 of the Dungeon.
You were a tree.
You visited 1 branch of the dungeon, and saw 3 of its levels.

You collected 26 gold pieces.

Inventory:

Armour
 a - a +0 robe (melded)
 j - a +0 pair of gloves (melded)
Jewellery
 h - a +6 ring of dexterity
Potions
 b - a potion of magic
 f - a potion of berserk rage {unknown}
 i - a potion of attraction {unknown}


   Skills:
 - Level 0.1 Fighting
 - Level 2.6 Dodging
 - Level 1.4 Stealth
 - Level 3.8 Spellcasting
 + Level 3.2 Conjurations
 - Level 5.0 Ice Magic


You had 3 spell levels left.
You knew the following spells:

 Your Spells              Type           Power      Damage    Failure   Level
a - Freeze                Ice            88%        1d10      1%          1
b - Frozen Ramparts       Ice            44%        1d7       5%          3
c - Hailstorm             Conj/Ice       19%        3d6       26%         4

Your spell library contained the following spells:

 Spells                   Type           Power      Damage    Failure   Level
 Ozocubu's Armour         Ice            22%        N/A       5%          3
 Apportation              Tloc           6%         N/A       14%         1
 Necrotise                Necr           12%        1d4       14%         1
 Summon Small Mammal      Summ           12%        N/A       14%         1
 Sublimation of Blood     Necr           3%         N/A       22%         2
 Petrify                  Tmut/Erth      3%         N/A       80%         4
 Irradiate                Conj/Tmut      4%         3d13      89%         5


Dungeon Overview and Level Annotations

Branches:
Dungeon (2/15) Zot: 1448

Altars:

Annotations:
D:3 Robin


Innate Abilities, Weirdness & Mutations

You are a tree.
Your roots penetrate the ground, keeping you stationary.
You cannot be teleported.
You are immune to unholy pain and torment.
Your maximum health is greatly increased.
Your equipment is partially melded.
You passively map a small area around you.
You are easily found by Zot.
You glow in the dark.
You regain HP and MP as you explore.


Message History

Casting: Freeze (safe; 1% risk of failure)
Confirm with . or Enter, or press ? or * to list all spells.
Aiming: Freeze (safe; 1% risk of failure)
Press: ? - help, Shift-Dir - straight line, f/p - scorpion
Aim: a scorpion (severely wounded)
You freeze the scorpion.
The scorpion is almost dead.
You feel very sick.
The wall freezes the scorpion but does no damage.
The scorpion stings you.
You are lethally poisoned!
The scorpion poisons you!
A goblin comes into view. It is wielding a +0 club.
The wall freezes the scorpion.
The scorpion barely misses you.
Casting: Freeze (safe; 1% risk of failure)
Confirm with . or Enter, or press ? or * to list all spells.
Aiming: Freeze (safe; 1% risk of failure)
Press: ? - help, Shift-Dir - straight line, f/p - scorpion
Aim: a scorpion (almost dead)
You freeze the scorpion!
You kill the scorpion!
You feel very sick.
Robin roars a battlecry!
The goblins go into a battle-frenzy!
You hear a shout! x2
Your Conjurations skill gained 3 levels and is now at level 3!
You have reached level 5!
It was a potion of lignification.
You turn into a tree.
Your +0 pair of gloves melds into your body.
Your +0 robe melds into your body.
Your roots penetrate the ground.
* * * LOW HITPOINT WARNING * * *
You feel very sick.
A goblin comes into view. It is wielding a +0 dagger.
Unknown command.
It was a potion of flight.
Your roots keep you in place.
* * * LOW HITPOINT WARNING * * *
You feel very sick.
The wall freezes Robin.
Robin hits you but does no damage. Space warps horribly around you!!
You die...

* * * ,, #.#* * , ,**
#.# , ,
#####,#######.#* ,,
......#........ .
........#####.###+#..
.........)..#.....g#
, , ,
........###.#g.gg..+
*
#######.###.#......#
, ** #)....♣)..?....
, , #####.#........ ,
,, #.####..... , *
#.# ..... , , ,* #.#
* .... * #.# ##+ * ,
, ... , , , , ,,.## *
* ~ , .,


You could see Robin and 3 goblins.

Vanquished Creatures
  A scorpion (D:3)
  2 adders (D:2)
  A dart slug (D:2)
  An orc (D:1)
  3 endoplasms (D:1)
  A giant cockroach (D:1)
  3 goblins
  4 hobgoblins
  2 quokkas
  3 ball pythons
  2 frilled lizards (D:2)
  2 kobolds
  A rat (D:1)
26 creatures vanquished.

Vanquished Creatures (others)
  5 fungi (D:1)
5 creatures vanquished.

Grand Total: 31 creatures vanquished

Notes
Turn   | Place    | Note
-------+----------+-------------------------------------------
     0 | D:1      | hawla the Meteoran Ice Elementalist began the quest for the
                  | Orb.
     0 | D:1      | Reached XP level 1. HP: 14/14 MP: 5/5
    22 | D:1      | Found a faded altar of an unknown god.
    52 | D:1      | Reached XP level 2. HP: 20/20 MP: 2/7
   151 | D:1      | Reached XP level 3. HP: 3/26 MP: 1/8
   155 | D:1      | Learned a level 3 spell: Frozen Ramparts
   275 | D:2      | Reached skill level 5 in Ice Magic
   289 | D:2      | Reached XP level 4. HP: 22/33 MP: 2/10
   294 | D:2      | Learned a level 4 spell: Hailstorm
   308 | D:2      | You fall into a shaft and drop 1 floor!
   340 | D:3      | Noticed a scorpion
   346 | D:3      | Noticed Robin
   349 | D:3      | Killed a scorpion
   350 | D:3      | Reached XP level 5. HP: 13/38 MP: 0/11
   351 | D:3      | Mangled by Robin

Illustrated notes

Levels and vault maps discovered:
D:1:      scummos_arrival_checkerplants, layout_basic, basic_ecumenical_altar,
          minmay_indecisive_spiral
D:2:      layout_basic
D:3:      minmay_spotlight, layout_basic, kiku_gazebo_pond_becter,
          ebering_ghost_sewer_d, hex_large, nicolae_elevator_lobby_asterisk,
          uniq_robin

Skill      XL: |  1  2  3  4 |
---------------+-------------+-----
Spellcasting   | 3 |  3.8
Ice Magic      | 5 |  5.0
Conjurations   | 3 |  3.2
Fighting       | |  0.1
Dodging        | |  2.6
Stealth        | |  1.4

Action                   |  1- 3 |  4- 6 || total
-------------------------+-------+-------++-------
Melee: Unarmed           |     5 |       ||     5
 Cast: Freeze            |    28 |     4 ||    32
       Frozen Ramparts   |     3 |     4 ||     7
  Use: Scroll            |       |     2 ||     2
       Potion            |       |     2 ||     2
Armor: Robe              |     5 |     2 ||     7
       Skin              |       |     1 ||     1
Dodge: Dodged            |    16 |     2 ||    18
